 Dungeon Sprint DCSS version 0.26.1-11-gd32895ea62 (webtiles) character file.

Game seed: 16603202457953138330

380 wazuzu the Basher (level 6, -6/68 HPs)
             Began as an Ogre Gladiator on July 20, 2021.
             Was a Believer of Makhleb.
             Mangled by a sixfirhy (9 damage)
             ... in the Dungeon (Sprint V: "Ziggurat Sprint").
             The game lasted 00:04:10 (301 turns).

wazuzu the Basher (Ogre Gladiator)                   Turns: 301, Time: 00:04:11

Health: -6/68      AC: 20    Str: 33    XL:     6   Next: 75%
Magic:  6/6        EV:  7    Int:  7    God:    Makhleb [**....]
Gold:   0          SH:  0    Dex: 14    Spells: 5/5 levels left

rFire    + . .     SeeInvis .   m - +5 giant club (protect)
rCold    + . .     Faith    .   (shield currently unavailable)
rNeg     . . .     Spirit   .   k - +5 gold dragon scales
rPois    +         Reflect  .   (helmet restricted)
rElec    .         Harm     .   (no cloak)
rCorr    .         Rampage  .   (gloves unavailable)
Will     .....     NoTele   +   (boots unavailable)
Stlth    ..........             (no amulet)
HPRegen  0.21/turn              D - +6 ring of strength
MPRegen  0.10/turn              l - ring "Wobe" {rPois Str+6 Int-2 Dex+4}

@: no status effects
A: large, unfitting armour, tough skin 1
a: Renounce Religion, Minor Destruction


You were in the Dungeon.
You worshipped Makhleb.
Makhleb was pleased with you.
You visited 1 branch

Inventory:

Hand Weapons
 m - a +5 giant club of protection (weapon)
 n - a +5 giant spiked club
Missiles
 d - 3 throwing nets (quivered)
Armour
 k - +5 gold dragon scales (worn)
Jewellery
 l - the ring "Wobe" (right hand) {rPois Str+6 Int-2 Dex+4}
   (You found it in the Dungeon)

   [ring of poison resistance]

   It affects your strength (+6).
   It affects your intelligence (-2).
   It affects your dexterity (+4).
   It protects you from poison.
 D - a +6 ring of strength (left hand)
Wands
 u - a wand of disintegration (7)
 w - a wand of iceblast (7)
 x - a wand of acid (7)
 y - a wand of digging (6)
Scrolls
 a - 4 scrolls of amnesia
 b - 7 scrolls of fog
 c - a scroll of holy word
 j - 4 scrolls of blinking
 o - 5 scrolls of identify
 p - 5 scrolls of remove curse
 q - 2 scrolls of fear
Potions
 e - 10 potions of curing
 f - 10 potions of heal wounds
 g - 6 potions of haste
 h - 7 potions of magic
 i - 3 potions of berserk rage
 r - 2 potions of brilliance
 s - 2 potions of invisibility
 t - 4 potions of resistance
 v - 5 potions of might


   Skills:
 + Level 6.5 Fighting
 + Level 9.1 Maces & Flails
 + Level 3.7 Throwing
 + Level 3.9 Armour
 + Level 6.7 Dodging
 + Level 3.6 Shields


You had 5 spell levels left.
You didn't know any spells.
Your spell library was empty.

Dungeon Overview and Level Annotations

Branches:
Dungeon (1/1)

Altars:
Ashenzari
Cheibriados
Dithmenos
Elyvilon
Fedhas
Gozag
Hepliaklqana
Kikubaaqudgha
Makhleb
Nemelex Xobeh
Okawaru
Qazlal
Ru
Sif Muna
Trog
Uskayaw
Vehumet
Wu Jian
Xom
Yredelemnul
Zin
The Shining One
Beogh
Jiyva
Lugonu

Annotations:
D 1 transporter


Innate Abilities, Weirdness & Mutations

You are too large for most types of armour.
You have tough skin. (AC +1)


Message History

The sixfirhy hits you. The sixfirhy shocks you! The sixfirhy hits you.
The sixfirhy shocks you!
You barely miss the sixfirhy.
The sixfirhy hits you but does no damage.
You barely miss the sixfirhy. The shadow imp gestures at you.
Pain shoots through your body!
You are too injured to fight recklessly!
You are too injured to fight recklessly!
You miss the sixfirhy. The sixfirhy hits you! The sixfirhy shocks you!
* * * LOW HITPOINT WARNING * * *
The sixfirhy hits you but does no damage. x2
The shadow imp hits you but does no damage.
Unknown command.
You miss the sixfirhy. The sixfirhy barely misses you.
The sixfirhy hits you but does no damage.
The sixfirhy hits you!
* * * LOW HITPOINT WARNING * * *
The sixfirhy shocks you!
You die...

▓..©..▓..©..▓▓▓▓▓▓
▓▓▓▓▓▓▓▓▓▓▓▓▓▓
▓..8©8...▓
▓..[))...▓
▓...)....▓
▓........▓
▓..55....▓
▓5▓3...▓.▓
▓.@.©....▓
▓▓▓▓▓▓▓▓▓▓


You could see a sixfirhy, an iron imp and 2 shadow imps.

Vanquished Creatures
  Sigmund (D)
  Blork the orc (D)
  4 jellies (D)
  Jessica (D)
  2 adder zombies (D)
9 creatures vanquished.

Notes
Turn   | Place    | Note
-------+----------+-------------------------------------------
     0 | D        | wazuzu the Ogre Gladiator began the quest for the Orb.
     0 | D        | Reached XP level 1. HP: 22/22 MP: 1/1
     3 | D        | Found a blossoming altar of Fedhas.
     4 | D        | Found the +6 Majin-Bo {vamp, MP+6 Int+6}
     4 | D        | Found the +9 heavy crossbow "Sniper" {vorpal, Acc+∞ SInv}
     4 | D        | Found the +10 dark maul {vorpal}
     4 | D        | Found the +15 Maxwell's patent armour {-Cast -Tele rElec
                  | Will+ rCorr}
     4 | D        | Found the +18 shield of the Gong {rElec rN+ Will+ EV-5}
     4 | D        | Found the cursed +14 obsidian axe {vorpal, +Fly SInv
                  | *Curse}
     4 | D        | Found the +7 great mace "Firestarter" {inner flame, rF++}
     4 | D        | Found the +6 shillelagh "Devastator" {shatter}
     4 | D        | Found the +11 plutonium sword {*Contam Stlth-}
     4 | D        | Found the +8 lance "Wyrmbane" {slay drac, rPois rF+ rC+
                  | AC+3}
     4 | D        | Found the +9 sword of Zonguldrok {reap}
     4 | D        | Found the cursed +13 scythe of Curses {drain, *Curse}
     4 | D        | Found the +5 sword of Power {vorpal}
     4 | D        | Found the +7 mace of Variability {chain chaos}
     4 | D        | Found the +7 Singing Sword {vorpal, sonic wave}
     4 | D        | Found the +8 storm bow {elec, penet}
     5 | D        | Found a viscous altar of Jiyva.
     5 | D        | Found a hazy altar of Hepliaklqana.
     5 | D        | Found a transporter.
     5 | D        | Found an opulent altar of Gozag.
     5 | D        | Found an ancient bone altar of Kikubaaqudgha.
     5 | D        | Found a corrupted altar of Lugonu.
     7 | D        | Banished a spatial maelstrom
    34 | D        | Found a burning altar of Makhleb.
    35 | D        | Found a sacrificial altar of Ru.
    35 | D        | Found a shimmering blue altar of Sif Muna.
    35 | D        | Found a stormy altar of Qazlal.
    35 | D        | Found a bloodstained altar of Trog.
    35 | D        | Found an iron altar of Okawaru.
    35 | D        | Found a sparkling altar of Nemelex Xobeh.
    39 | D        | Reached skill level 4 in Maces & Flails
    39 | D        | Reached XP level 2. HP: 29/29 MP: 2/2
    73 | D        | Became a worshipper of Makhleb the Destroyer
    83 | D        | Entered arena 2.
    83 | D        | Found a transporter.
    92 | D        | Got the ring "Wobe" {rPois Str+6 Int-2 Dex+4}
   141 | D        | Entered arena 3.
   141 | D        | Noticed Sigmund
   141 | D        | Noticed Jessica
   141 | D        | Noticed Blork the orc
   141 | D        | Found a transporter.
   146 | D        | Killed Blork the orc
   146 | D        | Reached * piety under Makhleb
   147 | D        | Reached skill level 6 in Maces & Flails
   147 | D        | Reached XP level 3. HP: 29/39 MP: 3/3
   147 | D        | Reached XP level 4. HP: 35/48 MP: 4/4
   147 | D        | Killed Jessica
   152 | D        | Killed Sigmund
   153 | D        | Reached skill level 5 in Fighting
   153 | D        | Reached skill level 8 in Maces & Flails
   153 | D        | Reached XP level 5. HP: 35/59 MP: 5/5
   153 | D        | Reached XP level 6. HP: 40/67 MP: 6/6
   279 | D        | Entered arena 4.
   279 | D        | Found a transporter.
   282 | D        | Reached ** piety under Makhleb
   286 | D        | Reached skill level 9 in Maces & Flails
   294 | D        | Entered arena 5.
   294 | D        | Noticed a sixfirhy
   294 | D        | Found a transporter.
   301 | D        | HP: 3/68 [sixfirhy (7)]
   301 | D        | Mangled by a sixfirhy

Illustrated notes

Levels and vault maps discovered:
D:        sprint_v [room_start, room_1, room_2, room_3, room_4, room_5, room_6,
          room_7, room_8, room_9, room_10, room_11, room_12, room_13, room_14,
          room_15, room_16, room_17, room_18, room_19, room_20, room_21,
          room_22, room_23, room_24, room_25, room_26, room_27]

Skill      XL: |  1  2  3  4  5  6 |
---------------+-------------------+-----
Maces & Flails | 4 6 8 9 |  9.1
Armour         | 3 |  3.9
Shields        | 3 |  3.6
Fighting       | 4 5 6 |  6.5
Dodging        | 4 6 |  6.7
Throwing       | 3 |  3.7

Action                   |  1- 3 |  4- 6 || total
-------------------------+-------+-------++-------
Melee: Giant club        |     7 |    13 ||    20
  Use: Potion            |     1 |       ||     1
       Scroll            |       |     1 ||     1
Armor: Gold dragon scale |     8 |     9 ||    17
Dodge: Dodged            |     2 |     3 ||     5
